 Dungeon Sprint DCSS version 0.22.1-1-ga44c0e56f4 (webtiles) character file.

215 MuseOD the Covert (level 5, -6/30 HPs)
             Began as a Spriggan Enchanter on Sept 28, 2018.
             Killed from afar by a deep elf mage (26 damage)
             ... with a bolt of magma
             ... in the Dungeon (Sprint III: "The Ten Rune Challenge").
             The game lasted 00:01:22 (372 turns).

MuseOD the Covert (Spriggan Enchanter)               Turns: 372, Time: 00:01:22

Health: -6/30      AC:  2    Str:  4    XL:     5   Next: 60%
Magic:  0/13       EV: 18    Int: 17    God:
Gold:   20         SH:  0    Dex: 17    Spells: 8/14 levels left

rFire    . . .     SeeInvis +   a - +1 dagger
rCold    . . .     Gourm    .   (shield restricted)
rNeg     . . .     Faith    .   b - +0 robe
rPois    .         Spirit   .   (helmet restricted)
rElec    .         Reflect  .   (no cloak)
rCorr    .         Harm     .   (gloves unavailable)
MR       .....     NoTele   +   (boots unavailable)
Stlth    +++++.....             (no amulet)
HPRegen  0.10/turn              (no ring)
MPRegen  0.13/turn              (no ring)

@: berserk cooldown, slowed, quick
A: very small, unfitting armour, see invisible, herbivore, speed 3, slow
metabolism 2
a: no special abilities


You were in the Dungeon.
You were not hungry.

You visited 1 branch You collected 20 gold pieces.

Inventory:

Hand Weapons
 a - a +1 dagger (weapon)
Armour
 b - a +0 robe (worn)
Scrolls
 c - a scroll of magic mapping {unknown}
 j - a scroll of blinking
 l - a scroll of holy word {unknown}
 m - 3 scrolls of identify
 n - 2 scrolls of remove curse
 o - a scroll of torment {unknown}
 p - a scroll of enchant armour {unknown}
Potions
 e - a potion of curing
 g - 2 potions of haste
 h - a potion of magic
 k - 4 potions of mutation {unknown}
 q - a potion of flight {unknown}
Comestibles
 d - 3 rations


   Skills:
 + Level 4.6 Fighting
 + Level 8.1 Short Blades
 - Level 3.0 Dodging
 + Level 10.0 Stealth
 + Level 5.2 Spellcasting
 - Level 3.6 Hexes


You had 8 spell levels left.
You knew the following spells:

 Your Spells              Type           Power        Failure   Level  Hunger
a - Corona                Hex            ###....      3%          1    None
b - Ensorcelled Hibernat  Hex/Ice        ##....       10%         2    #......
c - Confuse               Hex            ###.....     10%         3    ###....

Your spell library contained the following spells:

 Spells                   Type           Power        Failure   Level  Hunger
 Tukima's Dance           Hex            ###.....     10%         3    ###....
 Dazzling Spray           Conj/Hex       ##....       21%         3    ###....


Dungeon Overview and Level Annotations

Branches:
Dungeon (1/1)

Altars:
Dithmenos
Elyvilon
Ru
Yredelemnul
Zin
The Shining One


Innate Abilities, Weirdness & Mutations

You are very small and have problems with some larger weapons.
You are too small for most types of armour.
You have supernaturally acute eyesight. (SInv)
You are a herbivore.
You cover ground extremely quickly.
You need to consume almost no food.


Message History

You hit the deep elf mage but do no damage.
The deep elf mage is lightly wounded.
You closely miss the deep elf mage.
The deep elf mage is lightly wounded.
The deep elf mage barely misses you.
Casting: Confuse (safe; 10% risk of failure)
Confirm with . or Enter, or press ? or * to list all spells.
You don't have enough magic to cast that spell.
Unknown command.
Press < or > to pray at altars.
Casting: Confuse (safe; 10% risk of failure)
Confirm with . or Enter, or press ? or * to list all spells.
Aiming: Ensorcelled Hibernation (safe; 10% risk of failure)
Press: ? - help, Shift-Dir - straight line, f - deep elf mage
Aim: a deep elf mage, wielding a long sword of holy wrath (lightly wounded, The deep elf mage resists with almost no effort.
The deep elf mage casts a spell at you. The bolt of magma hits you!
Ouch! That really hurt!
You die...

▓▓▓▓▓▓▓▓ ▓▓▓ #..'...♣♣
♣.##### ### #..#....♣♣♣
♣♣.#@e_# __# ####....♣.♣
..#!E.# $_# ...#....≈.♣
♣.###'#+###'##
...#...≈≈♣♣♣♣♣.#...)......#
...#..≈≈≈≈...♣.+.⌠.†......#
##'#..≈≈≈≈†≈.♣.#...######+#
...#.≈≈≈≈≈≈....#.⌠.#
...#.≈≈≈≈≈.†.E.#...#
...#.≈≈≈.......#+###


You could see an earth elemental and a deep elf mage.

Vanquished Creatures
  A necrophage (D)
  A scorpion (D)
  Jessica (D)
  A necromancer (D)
  A human (D)
  An ooze (D)
  A rat (D)
7 creatures vanquished.

Vanquished Creatures (others)
  2 draconian scorchers (D)
  6 hellions (D)
  A yaktaur (D)
9 creatures vanquished.

Grand Total: 16 creatures vanquished

Notes
Turn   | Place    | Note
-------+----------+-------------------------------------------
     0 | D        | MuseOD the Spriggan Enchanter began the quest for the Orb.
     0 | D        | Reached XP level 1. HP: 9/9 MP: 5/5
    13 | D        | Reached skill level 1 in Fighting
    13 | D        | Reached skill level 5 in Stealth
    78 | D        | Killed a yaktaur
    91 | D        | Killed a hellion
    92 | D        | Killed a hellion
   107 | D        | Noticed Jessica
   110 | D        | Killed Jessica
   110 | D        | Reached skill level 6 in Stealth
   110 | D        | Reached XP level 2. HP: 13/15 MP: 6/6
   110 | D        | Reached XP level 3. HP: 15/18 MP: 8/8
   114 | D        | Learned a level 2 spell: Ensorcelled Hibernation
   118 | D        | Learned a level 3 spell: Confuse
   136 | D        | Killed a hellion
   138 | D        | Killed a hellion
   139 | D        | Killed a hellion
   168 | D        | Noticed a scorpion
   181 | D        | Reached skill level 5 in Short Blades
   181 | D        | Reached skill level 7 in Stealth
   183 | D        | Killed a scorpion
   183 | D        | Reached skill level 8 in Stealth
   183 | D        | Reached XP level 4. HP: 21/24 MP: 3/9
   207 | D        | Killed a white draconian scorcher
   241 | D        | Killed a hellion
   302 | D        | Noticed a water elemental
   329 | D        | Found a basalt altar of Yredelemnul.
   329 | D        | Found a shadowy altar of Dithmenos.
   329 | D        | Found a sacrificial altar of Ru.
   329 | D        | Noticed a necrophage
   356 | D        | Killed a necrophage
   356 | D        | Reached skill level 9 in Stealth
   356 | D        | Reached XP level 5. HP: 30/30 MP: 0/13
   358 | D        | Reached skill level 10 in Stealth
   358 | D        | Reached skill level 5 in Spellcasting
   360 | D        | Found a glowing silver altar of Zin.
   360 | D        | Found a glowing golden altar of the Shining One.
   360 | D        | Found a white marble altar of Elyvilon.
   360 | D        | Noticed a deep elf mage
   367 | D        | Killed a white draconian scorcher
   372 | D        | Killed from afar by a deep elf mage

Skill      XL: |  1  2  3  4  5 |
---------------+----------------+-----
Fighting       | 2 3 4 |  4.6
Short Blades   | 4 6 7 8 |  8.1
Stealth        | 6 8 9 10 | 10.0
Spellcasting   | 4 5 |  5.2
Dodging        | |  3.0
Hexes          | |  3.6

Action                   |  1- 3 |  4- 6 || total
-------------------------+-------+-------++-------
Melee: Dagger            |    20 |    23 ||    43
 Cast: Confuse           |     2 |     6 ||     8
       Ensorcelled Hiber |       |     1 ||     1
  Use: Potion            |       |     3 ||     3
 Stab: Sleeping          |     2 |       ||     2
       Confused          |     3 |       ||     3
Armor: Robe              |       |     1 ||     1
Dodge: Dodged            |     5 |    11 ||    16
